 Dungeon Crawl Stone Soup version 0.31-a0-210-gccc998df9b (webtiles) character file.

Game seed: 9330040678462310179

12816 Drazool the Thaumaturge (level 12, -6/79 HPs)
             Began as a Djinni Fire Elementalist on June 30, 2023.
             Was an Initiate of Ashenzari.
             Engulfed by an ice statue's freezing vapour (21 damage)
             ... in an ice cave.
             The game lasted 00:36:12 (11865 turns).

Drazool the Thaumaturge (Djinni Fire Elementalist) Turns: 11865, Time: 00:36:13

Health: -6/79      AC:  6    Str:  7    XL:     12   Next: 24%
Gold:   226        EV: 17    Int: 24    God:    Ashenzari [......] SH:  0 Dex: 18

rFire   + + .        u - +9 short sword of Watchfulness {flame, Int+3 Dex+3}
rCold   x . .        (no shield)
rNeg    . . .        x - +0 troll leather armour
rPois   ∞            (no helmet)
rElec   .            (no cloak)
rCorr   .            d - +1 pair of gloves of Ashenzari's Irritation {Bglg, Cun} (curse)
SInv    .            (boots unavailable)
Will    ++...        (no amulet)
Stlth   ++           W - ring of willpower
HPRegen 1.13/turn    Z - ring of wizardry
MPRegen 0.00/turn

%: wizardry (x1), infuse magic (-7 HP)
@: flying, studying Spellcasting
A: sickness immunity, fire resistance 2, cold vulnerability 1, float, innate
caster, HP casting, extra vitality 1
a: Renounce Religion, Curse Item, Shatter the Chains


You were in an ice cave.
You worshipped Ashenzari.
Ashenzari was noncommittal.
You visited 2 branches of the dungeon, and saw 12 of its levels.
You also visited: Ice Cave.

You collected 719 gold pieces.
You spent 493 gold pieces at shops.


Innate Abilities, Weirdness & Mutations

You are immune to sickness and miasma.
You are immune to poison.
Your flesh is very heat resistant. (rF++)
You are vulnerable to cold. (rC-)
You float through the air rather than walking.
You learn spells naturally, not from books.
Your magical power is your life essence.
You have superior vitality. (+4 MHP)


   Skills:
 - Level 4.7 Fighting
 - Level 10.0(10.4) Dodging
 - Level 1.5(1.9) Stealth
 + Level 14.9 Spellcasting
 + Level 12.3(12.7) Conjurations
 + Level 12.3(12.7) Hexes
   Level 0.0 Charms
 + Level 12.3 Summonings
 + Level 12.3 Necromancy
 + Level 12.3(12.7) Translocations
 + Level 12.3 Transmutations
 + Level 12.3 Fire Magic
 + Level 12.3 Ice Magic
 + Level 12.3 Air Magic
 + Level 12.3 Earth Magic
 + Level 12.3 Poison Magic


You knew the following spells:

 Your Spells              Type           Power      Damage    Failure   Level
b - Borgnjor's Vile Clut  Necr/Erth      33%        N/A       1%          5
f - Foxfire               Conj/Fire      100%       2x1d9     1%          1
l - Lesser Beckoning      Tloc           100%       N/A       1%          2
m - Magic Dart            Conj           100%       1d8       1%          1
o - Portal Projectile     Hex/Tloc       100%       N/A       1%          3
r - Inner Flame           Hex/Fire       67%        N/A       1%          3
s - Spider Form           Tmut/Pois      67%        N/A       1%          3
X - Scorch                Fire           100%       2d9       1%          2
Y - Volatile Blastmotes   Fire/Tloc      100%       2d18      1%          3
Z - Flame Wave            Conj/Fire      67%        2d15      1%          4
Your spell library was empty.

Inventory:

Hand Weapons
 o - a +0 dagger of speed
 u - the +9 short sword of Watchfulness (weapon) {flame, Int+3 Dex+3}
   (You found it on level 4 of the Dungeon)

   Int:       It affects your intelligence (+3).
   Dex:       It affects your dexterity (+3).
Armour
 a - a +0 robe
 d - the cursed +1 pair of gloves of Ashenzari's Irritation (worn) {Bglg, Cun}
   (You found it on level 1 of the Dungeon)

   It has a curse which improves the following skills: Beguiling: Conjurations,
   Hexes and Translocations.
   Cunning:   Dodging and Stealth.
 q - a +0 leather armour
 x - a +0 troll leather armour (worn)
Jewellery
 D - a +6 ring of dexterity
 R - a ring of resist corrosion
 W - a ring of willpower (left hand)
 Z - a ring of wizardry (right hand)
Wands
 g - a wand of polymorph (11)
 r - a wand of paralysis (7)
 v - a wand of flame (14)
Scrolls
 b - a scroll of revelation
 c - a scroll of enchant weapon
 k - a scroll of vulnerability {unknown}
 l - 2 scrolls of teleportation {@r2}
 m - a scroll of poison
 n - a scroll of brand weapon
 w - a scroll of summoning
 y - a scroll of immolation
 C - a scroll of fear
 E - a scroll of fog
Potions
 e - a potion of invisibility
 f - 4 potions of mutation
 h - 2 potions of curing {@q1}
 i - a potion of magic {unknown}
 j - a potion of berserk rage {unknown}
 p - 4 potions of heal wounds {@q2}
 s - 2 potions of haste {@q3}
 t - 9 potions of degeneration
 z - 2 potions of ambrosia {unknown}
 A - 2 potions of might
 B - a potion of resistance {unknown}

Dungeon Overview and Level Annotations

Branches:
Dungeon (11/15)            Temple (1/1) D:6            Lair (0/5) D:10
    Orc (0/2) D:10          IceCv (1/1)

Altars:
Ashenzari
Cheibriados
Dithmenos
Elyvilon
Fedhas
Gozag
Hepliaklqana
Makhleb
Nemelex Xobeh
Okawaru
Qazlal
Ru
Trog
Uskayaw
Wu Jian
Xom
Yredelemnul
Zin
The Shining One

Shops:
D:4 *   D:6 ?   D:10 *(?:

Annotations:
D:5 2 transporters IceCv exclusion: ice statue

## ##. ##..## #.....
##.....## #.......##
#.....☼§8# ####
......☼☼## ######..##
.....○☼☼@### ##..##....##
.....☼.....###..........#
............#.......∩.∩.#
.........##....##.......#
........####..#####....##
.........# #### ##..##
........## #### #......##
##....#


There were no monsters in sight!


Message History

You start resting.
Your foxfire dissipates!
You start resting.
HP restored.
Really fly into a travel-excluded area?
Really fly into a travel-excluded area?
Casting: Scorch (safe; 1% risk of failure)
Confirm with . or Enter, or press ? or * to list all spells.
Casting: Flame Wave (safe; 1% risk of failure)
Press: ? - help, Dir - look around, f - activate A wave of flame ripples out!
The flame wave engulfs the ice statue!
The ice statue melts!
The ice statue is moderately damaged. (Press . to intensify the flame waves.) Unknown command.
A wave of flame ripples out!
The flame wave engulfs the ice statue!
The ice statue melts!
The ice statue is moderately damaged.
The ice statue gestures at you. The shard of ice hits you!!
You feel a painful chill!
Unknown command.
A wave of flame ripples out!
The flame wave engulfs the ice statue but does no damage.
The ice statue is moderately damaged.
You finish channelling waves of flame.
The ice statue gestures at you. The freezing blast engulfs you!!
You feel a terrible chill!
* * * LOW HITPOINT WARNING * * *
You are engulfed in freezing vapours.
You die...

Skill      XL: |  1  2  3  4  5  6  7  8  9 10 11 12 |
---------------+-------------------------------------+-----
Spellcasting   | 4 5 6 7 8 10 14 | 14.9
Conjurations   | 4 5 6 7 8 9 11 12 | 12.3
Hexes          | 4 5 6 7 8 9 11 12 | 12.3
Summonings     | 4 5 6 7 8 9 11 12 | 12.3
Necromancy     | 4 5 6 7 8 9 11 12 | 12.3
Translocations | 4 5 6 7 8 9 11 12 | 12.3
Transmutations | 4 5 6 7 8 9 11 12 | 12.3
Fire Magic     | 4 5 6 7 8 9 11 12 | 12.3
Ice Magic      | 4 5 6 7 8 9 11 12 | 12.3
Air Magic      | 4 5 6 7 8 9 11 12 | 12.3
Earth Magic    | 4 5 6 7 8 9 11 12 | 12.3
Poison Magic   | 4 5 6 7 8 9 11 12 | 12.3
Fighting       | 4 |  4.7
Dodging        | 8 10 | 10.0
Stealth        | |  1.5

Action                     |  1- 3 |  4- 6 |  7- 9 | 10-12 || total
---------------------------+-------+-------+-------+-------++-------
  Melee: Unarmed           |       |     1 |       |       ||     1
         Short sword       |       |       |     3 |     6 ||     9
   Cast: Foxfire           |    36 |   127 |   121 |   231 ||   515
         Magic Dart        |     5 |     7 |       |       ||    12
         Scorch            |     2 |    14 |    62 |    57 ||   135
         Flame Wave        |       |       |     5 |    21 ||    26
         Borgnjor's Vile C |       |       |       |    63 ||    63
 Invoke: Curse Item        |       |       |       |     1 ||     1
  Evoke: Wand              |       |       |       |     7 ||     7
    Use: Potion            |       |     2 |       |       ||     2
         Scroll            |       |       |     8 |     8 ||    16
   Stab: Sleeping          |       |       |     1 |       ||     1
         Paralysed         |       |       |       |     2 ||     2
 Armour: Robe              |     5 |     2 |     2 |       ||     9
         Leather armour    |       |       |       |     1 ||     1
         Troll leather arm |       |       |       |     1 ||     1
  Dodge: Dodged            |     5 |     6 |    13 |    42 ||    66

Levels and vault maps discovered:
D:1:      heliophobic_arrival_ceremonial_halls, layout_loops_ring
D:2:      kennysheep_big_flooded_room, layout_loops_ring,
          nicolae_ecumenical_pavilion, uniq_natasha
D:3:      layout_basic, hex_medium
D:4:      layout_gridville, nicolae_sif_muna_condensation,
          mainiacjoe_overflow_boulevard, serial_shops, shop
D:5:      gammafunk_wand_slinger, layout_loops_ring,
          chequers_serial_rivers_micro_b, kennysheep_generic_room_8,
          uniq_menkaure, uniq_sigmund
D:6:      layout_loops_corners, fedhas_altar_decomposition,
          minmay_temple_entry_glassed_door, serial_shops,
          nicolae_shop_peninsula, uniq_blork_the_orc
D:7:      layout_rooms, zin_treasury, lightli_corner_chamber, uniq_pikel
D:8:      layout_loops_corners, mainiacjoe_overflow_two_lobes,
          minmay_manual_mail
D:9:      layout_loops_corners, lemuel_doored_altar,
          ashenzari_conservatory_becter
D:10:     layout_rooms, lemuel_round_altar, erik_lair_orcish_takeover,
          erik_orc_1, serial_shops, shop, nicolae_book_shop_shelving,
          nicolae_shop_stone, kennysheep_mini, reono_crystal_passage
D:11:     layout_loops_ring, portal_ice_cave_entry_ice_simulacra,
          hellmonk_guarded_unrand_seven_league_boots, uniq_psyche, uniq_snorg
Temple:   nicolae_temple_god_jail
IceCv:    ice_cave_small_dragons

Notes
Turn   | Place    | Note
-------+----------+-------------------------------------------
     0 | D:1      | Reached skill level 3 in Spellcasting
     0 | D:1      | Reached skill level 3 in Conjurations
     0 | D:1      | Reached skill level 3 in Hexes
     0 | D:1      | Reached skill level 3 in Summonings
     0 | D:1      | Reached skill level 3 in Necromancy
     0 | D:1      | Reached skill level 3 in Translocations
     0 | D:1      | Reached skill level 3 in Transmutations
     0 | D:1      | Reached skill level 3 in Fire Magic
     0 | D:1      | Reached skill level 3 in Ice Magic
     0 | D:1      | Reached skill level 3 in Air Magic
     0 | D:1      | Reached skill level 3 in Earth Magic
     0 | D:1      | Reached skill level 3 in Poison Magic
     0 | D:1      | Drazool the Djinni Fire Elementalist began the quest for
                  | the Orb.
     0 | D:1      | Drazool set off with the following spells memorised:
                  | Foxfire, Scorch, Volatile Blastmotes, Inner Flame, Flame
                  | Wave.
     0 | D:1      | Reached XP level 1. HP: 15/15 MP: 0/0
   130 | D:1      | Reached XP level 2. HP: 20/21 MP: 0/0
   633 | D:1      | Reached XP level 3. HP: 21/25 MP: 0/0
   633 | D:1      | Learned a level 1 spell: Magic Dart
   813 | D:2      | Noticed Natasha
   813 | D:2      | Found a faded altar of an unknown god.
   817 | D:2      | Killed Natasha
   818 | D:2      | Reached XP level 4. HP: 23/31 MP: 0/0
   882 | D:2      | Reached skill level 4 in Spellcasting
   882 | D:2      | Reached skill level 4 in Conjurations
   882 | D:2      | Reached skill level 4 in Hexes
   882 | D:2      | Reached skill level 4 in Summonings
   882 | D:2      | Reached skill level 4 in Necromancy
   882 | D:2      | Reached skill level 4 in Translocations
   882 | D:2      | Reached skill level 4 in Transmutations
   882 | D:2      | Reached skill level 4 in Fire Magic
   882 | D:2      | Reached skill level 4 in Ice Magic
   882 | D:2      | Reached skill level 4 in Air Magic
   882 | D:2      | Reached skill level 4 in Earth Magic
   882 | D:2      | Reached skill level 4 in Poison Magic
  1204 | D:2      | Noticed Natasha
  1396 | D:2      | Killed Natasha
  1397 | D:2      | Reached XP level 5. HP: 31/35 MP: 0/0
  1397 | D:2      | Learned a level 2 spell: Lesser Beckoning
  1453 | D:2      | Noticed Natasha
  1460 | D:2      | Killed Natasha
  1539 | D:2      | You are sucked into a shaft and drop 1 floor!
  2491 | D:4      | Found Vuowom's Assorted Antiques.
  2497 | D:4      | Bought an opal ring for 125 gold pieces
  2497 | D:4      | Bought a tourmaline ring for 125 gold pieces
  2526 | D:4      | Reached skill level 5 in Spellcasting
  2526 | D:4      | Reached skill level 5 in Conjurations
  2526 | D:4      | Reached skill level 5 in Hexes
  2526 | D:4      | Reached skill level 5 in Summonings
  2526 | D:4      | Reached skill level 5 in Necromancy
  2526 | D:4      | Reached skill level 5 in Translocations
  2526 | D:4      | Reached skill level 5 in Transmutations
  2526 | D:4      | Reached skill level 5 in Fire Magic
  2526 | D:4      | Reached skill level 5 in Ice Magic
  2526 | D:4      | Reached skill level 5 in Air Magic
  2526 | D:4      | Reached skill level 5 in Earth Magic
  2526 | D:4      | Reached skill level 5 in Poison Magic
  2526 | D:4      | Reached XP level 6. HP: 27/40 MP: 0/0
  3128 | D:4      | Found a basalt altar of Yredelemnul.
  3311 | D:4      | Identified the +9 short sword of Watchfulness {flame, Int+3
                  | Dex+3}
  3389 | D:5      | Entered Level 5 of the Dungeon
  3390 | D:5      | Noticed a water moccasin
  3395 | D:5      | Killed a water moccasin
  3396 | D:5      | Reached skill level 6 in Spellcasting
  3396 | D:5      | Reached skill level 6 in Conjurations
  3396 | D:5      | Reached skill level 6 in Hexes
  3396 | D:5      | Reached skill level 6 in Summonings
  3396 | D:5      | Reached skill level 6 in Necromancy
  3396 | D:5      | Reached skill level 6 in Translocations
  3396 | D:5      | Reached skill level 6 in Transmutations
  3396 | D:5      | Reached skill level 6 in Fire Magic
  3396 | D:5      | Reached skill level 6 in Ice Magic
  3396 | D:5      | Reached skill level 6 in Air Magic
  3396 | D:5      | Reached skill level 6 in Earth Magic
  3396 | D:5      | Reached skill level 6 in Poison Magic
  3396 | D:5      | Reached XP level 7. HP: 40/45 MP: 0/0
  3396 | D:5      | Learned a level 3 spell: Spider Form
  3791 | D:5      | Noticed Menkaure
  3802 | D:5      | Killed Menkaure
  3803 | D:5      | Reached skill level 7 in Spellcasting
  3803 | D:5      | Reached skill level 7 in Conjurations
  3803 | D:5      | Reached skill level 7 in Hexes
  3803 | D:5      | Reached skill level 7 in Summonings
  3803 | D:5      | Reached skill level 7 in Necromancy
  3803 | D:5      | Reached skill level 7 in Translocations
  3803 | D:5      | Reached skill level 7 in Transmutations
  3803 | D:5      | Reached skill level 7 in Fire Magic
  3803 | D:5      | Reached skill level 7 in Ice Magic
  3803 | D:5      | Reached skill level 7 in Air Magic
  3803 | D:5      | Reached skill level 7 in Earth Magic
  3803 | D:5      | Reached skill level 7 in Poison Magic
  3803 | D:5      | Reached XP level 8. HP: 45/50 MP: 0/0
  3910 | D:5      | Noticed Sigmund
  3914 | D:5      | Killed Sigmund
  3915 | D:5      | Reached skill level 2 in Fighting
  3977 | D:5      | Found a transporter.
  4176 | D:5      | Found a transporter.
  4608 | D:6      | Reached skill level 3 in Fighting
  5071 | D:6      | Found Iguecedd's Magic Scroll Boutique.
  5079 | D:6      | Bought a scroll of identify for 26 gold pieces
  5079 | D:6      | Bought a scroll of revelation for 97 gold pieces
  5102 | D:6      | Reached skill level 4 in Fighting
  5102 | D:6      | Reached XP level 9. HP: 59/62 MP: 0/0
  5102 | D:6      | Learned a level 3 spell: Portal Projectile
  5164 | D:6      | Found a blossoming altar of Fedhas.
  5390 | D:6      | Noticed Blork the orc
  5404 | D:6      | Killed Blork the orc
  5521 | D:6      | Reached skill level 8 in Spellcasting
  5521 | D:6      | Reached skill level 8 in Conjurations
  5521 | D:6      | Reached skill level 8 in Hexes
  5521 | D:6      | Reached skill level 8 in Summonings
  5521 | D:6      | Reached skill level 8 in Necromancy
  5521 | D:6      | Reached skill level 8 in Translocations
  5521 | D:6      | Reached skill level 8 in Transmutations
  5521 | D:6      | Reached skill level 8 in Fire Magic
  5521 | D:6      | Reached skill level 8 in Ice Magic
  5521 | D:6      | Reached skill level 8 in Air Magic
  5521 | D:6      | Reached skill level 8 in Earth Magic
  5521 | D:6      | Reached skill level 8 in Poison Magic
  5557 | D:6      | Found a staircase to the Ecumenical Temple.
  5571 | Temple   | Entered the Ecumenical Temple
  5670 | D:6      | Reached skill level 3 in Dodging
  5962 | D:6      | Reached skill level 4 in Dodging
  6061 | D:7      | Noticed Pikel
  6068 | D:6      | Killed Pikel
  6069 | D:6      | Reached skill level 6 in Dodging
  6170 | D:6      | Reached skill level 7 in Dodging
  6301 | D:7      | Noticed a hornet
  6304 | D:7      | Killed a hornet
  6305 | D:7      | Reached skill level 8 in Dodging
  6305 | D:7      | Reached XP level 10. HP: 63/69 MP: 0/0
  6356 | D:7      | Noticed a two-headed ogre
  6375 | D:7      | Killed a two-headed ogre
  6376 | D:7      | Reached skill level 10 in Dodging
  6589 | D:7      | Found a glowing silver altar of Zin.
  6766 | D:7      | Noticed a cyclops
  7010 | D:8      | Identified the +0 ring mail of Mumblety Peg {rCorr}
  7384 | D:8      | Reached skill level 9 in Spellcasting
  7443 | D:8      | Reached skill level 9 in Conjurations
  7443 | D:8      | Reached skill level 9 in Hexes
  7443 | D:8      | Reached skill level 9 in Summonings
  7443 | D:8      | Reached skill level 9 in Necromancy
  7443 | D:8      | Reached skill level 9 in Translocations
  7443 | D:8      | Reached skill level 9 in Transmutations
  7443 | D:8      | Reached skill level 9 in Fire Magic
  7443 | D:8      | Reached skill level 9 in Ice Magic
  7443 | D:8      | Reached skill level 9 in Air Magic
  7443 | D:8      | Reached skill level 9 in Earth Magic
  7443 | D:8      | Reached skill level 9 in Poison Magic
  7681 | D:8      | Reached skill level 10 in Spellcasting
  7681 | D:8      | Reached XP level 11. HP: 57/74 MP: 0/0
  7681 | D:8      | Learned a level 5 spell: Borgnjor's Vile Clutch
  8176 | D:8      | Reached skill level 11 in Spellcasting
  8176 | D:8      | Reached skill level 10 in Conjurations
  8176 | D:8      | Reached skill level 10 in Hexes
  8176 | D:8      | Reached skill level 10 in Summonings
  8176 | D:8      | Reached skill level 10 in Necromancy
  8176 | D:8      | Reached skill level 10 in Translocations
  8176 | D:8      | Reached skill level 10 in Transmutations
  8176 | D:8      | Reached skill level 10 in Fire Magic
  8176 | D:8      | Reached skill level 10 in Ice Magic
  8176 | D:8      | Reached skill level 10 in Air Magic
  8176 | D:8      | Reached skill level 10 in Earth Magic
  8176 | D:8      | Reached skill level 10 in Poison Magic
  8600 | D:8      | Found a bloodstained altar of Trog.
  8628 | D:8      | Found a hazy altar of Hepliaklqana.
  9208 | D:9      | Noticed a two-headed ogre
  9216 | D:9      | Killed a two-headed ogre
  9217 | D:9      | Reached skill level 12 in Spellcasting
  9298 | D:9      | Found a stormy altar of Qazlal.
  9654 | D:9      | Found a broken altar of Ashenzari.
  9657 | D:9      | Became a worshipper of Ashenzari the Shackled
  9780 | D:9      | Reached skill level 11 in Conjurations
  9780 | D:9      | Reached skill level 11 in Hexes
  9780 | D:9      | Reached skill level 11 in Summonings
  9780 | D:9      | Reached skill level 11 in Necromancy
  9780 | D:9      | Reached skill level 11 in Translocations
  9780 | D:9      | Reached skill level 11 in Transmutations
  9780 | D:9      | Reached skill level 11 in Fire Magic
  9780 | D:9      | Reached skill level 11 in Ice Magic
  9780 | D:9      | Reached skill level 11 in Air Magic
  9780 | D:9      | Reached skill level 11 in Earth Magic
  9780 | D:9      | Reached skill level 11 in Poison Magic
 10189 | D:10     | Entered Level 10 of the Dungeon
 10189 | D:10     | Found Pogalem's Book Emporium.
 10244 | D:10     | Found Asinnais's Weapon Emporium.
 10347 | D:10     | Noticed a cyclops
 10353 | D:10     | Killed a cyclops
 10354 | D:10     | Reached skill level 13 in Spellcasting
 10546 | D:10     | Found an ornate altar of the Wu Jian Council.
 10595 | D:10     | Found a staircase to the Lair.
 10794 | D:10     | Found Essiupux's Magic Scroll Emporium.
 10802 | D:10     | Bought a scroll of fear for 48 gold pieces
 10802 | D:10     | Bought a scroll of fog for 48 gold pieces
 10802 | D:10     | Bought a scroll of identify for 24 gold pieces
 11256 | D:10     | Reached skill level 14 in Spellcasting
 11256 | D:10     | Reached XP level 12. HP: 68/79 MP: 0/0
 11449 | D:10     | Found a staircase to the Orcish Mines.
 11631 | D:10     | Found Bexusk's Assorted Antiques.
 11665 | D:11     | Reached skill level 12 in Conjurations
 11665 | D:11     | Reached skill level 12 in Hexes
 11665 | D:11     | Reached skill level 12 in Summonings
 11665 | D:11     | Reached skill level 12 in Necromancy
 11665 | D:11     | Reached skill level 12 in Translocations
 11665 | D:11     | Reached skill level 12 in Transmutations
 11665 | D:11     | Reached skill level 12 in Fire Magic
 11665 | D:11     | Reached skill level 12 in Ice Magic
 11665 | D:11     | Reached skill level 12 in Air Magic
 11665 | D:11     | Reached skill level 12 in Earth Magic
 11665 | D:11     | Reached skill level 12 in Poison Magic
 11689 | D:11     | Found a frozen archway.
 11730 | IceCv    | Entered an ice cave
 11865 | IceCv    | Engulfed by an ice statue's freezing vapour

Vanquished Creatures
  2 two-headed ogres
  Pikel (D:6)
  A cyclops (D:10)
  An ice statue (IceCv)
  A gargoyle (D:10)
  A rime drake (IceCv)
  3 trolls
  2 hornets
  2 shadows (D:11)
  A wyvern (D:7)
  Sigmund (D:5)
  12 yaks
  A wraith (D:10)
  4 vampire mosquitoes (D:10)
  A steam dragon (D:9)
  Menkaure (D:5)
  2 wargs (D:10)
  3 water moccasins
  An acid dragon (D:10)
  A swamp drake (D:10)
  A black bear (D:5)
  3 orc warriors
  2 ogres (D:10)
  3 centaurs
  2 lemures (D:6)
  A phantom (D:6)
  Blork the orc (D:6)
  A kobold brigand (D:10)
  5 necrophages (D:6)
  3 gnoll sergeants
  2 scorpions
  4 bullfrogs
  A two-headed ogre simulacrum (D:11)
  12 wights
  2 lindwurm simulacra (IceCv)
  9 killer bees
  A howler monkey (D:6)
  A centaur zombie (D:6)
  4 hounds
  5 komodo dragon simulacra (IceCv)
  4 jellies
  14 orc priests
  2 gnoll boudas
  4 iguanas
  A sleepcap (D:5)
  Natasha (thrice) (D:2)
  13 orc wizards
  2 troll simulacra (D:11)
  18 gnolls
  5 adders
  An acid dragon simulacrum (IceCv)
  A naga simulacrum (D:11)
  2 shadow imps
  3 white imps
  An ufetubus (D:4)
  A steam dragon simulacrum (IceCv)
  2 worms
  49 orcs
  9 ball pythons
  4 bats
  3 endoplasms
  6 giant cockroaches
  8 hobgoblins
  15 jackals
  12 kobolds
  4 quokkas
  A frilled lizard (D:2)
  4 goblins
  4 rats
301 creatures vanquished.

Vanquished Creatures (collateral kills)
  2 foxfires
2 creatures vanquished.

Vanquished Creatures (others)
  An orc wizard (D:10)
  850 foxfires
851 creatures vanquished.

Grand Total: 1154 creatures vanquished

Table legend: (Time is in decaauts)
 A = Elapsed time spent in this place.
 B = Non-inter-level travel time spent in this place.
 C = Inter-level travel time spent in this place.
 D = Time resting spent in this place.
 E = Time spent auto-exploring this place.
 F = Levels seen in this place.
 G = Mean time per level.
                   A        B        C        D        E       F      G
               +--------+--------+--------+--------+--------+-----+--------+
         Total |  11848 |  11459 |    389 |   1041 |   8722 |  13 |  911.4 |
       Dungeon |  11641 |  11267 |    374 |   1016 |   8633 |  11 | 1058.3 |
        Temple |     71 |     57 |     14 |      0 |     49 |   1 |   71.0 |
      Ice Cave |    134 |    134 |      0 |     25 |     40 |   1 |  134.0 |
               +--------+--------+--------+--------+--------+-----+--------+

Top non-repeatable levels by time:
     D:8: 1602 daAuts
     D:9: 1494 daAuts
     D:6: 1493 daAuts
    D:10: 1326 daAuts
     D:5: 1183 daAuts
     D:7: 1122 daAuts
     D:2: 936 daAuts
     D:4: 913 daAuts
     D:1: 813 daAuts
     D:3: 703 daAuts
   IceCv: 134 daAuts
  Temple: 71 daAuts
    D:11: 52 daAuts

Table legend:
 A = Non-vault XP
 B = Vault XP
 C = Vault XP percentage of total XP
 D = Non-vault monster count
 E = Vault monster count
 F = Vault count percentage of total count
                 A         B        C        D         E       F
            +---------+---------+-------+---------+---------+-------
      Total |   13832 |    4477 |  24.5 |     241 |      58 |  19.4
            +---------+---------+-------+---------+---------+-------
        D:1 |      34 |       0 |   0.0 |      20 |       0 |   0.0
        D:2 |     117 |      38 |  24.5 |      22 |       3 |  12.0
        D:3 |      34 |       0 |   0.0 |      16 |       0 |   0.0
        D:4 |     285 |       0 |   0.0 |      25 |       0 |   0.0
        D:5 |     656 |     400 |  37.9 |      21 |       4 |  16.0
        D:6 |     753 |    1243 |  62.3 |      25 |       8 |  24.2
        D:7 |    2174 |       0 |   0.0 |      21 |       0 |   0.0
        D:8 |    2914 |     327 |  10.1 |      35 |       3 |   7.9
        D:9 |    3327 |       0 |   0.0 |      25 |       0 |   0.0
       D:10 |    3078 |    1134 |  26.9 |      29 |      25 |  46.3
       D:11 |     460 |     158 |  25.6 |       2 |       4 |  66.7
      IceCv |       0 |    1177 | 100.0 |       0 |      11 | 100.0
            +---------+---------+-------+---------+---------+-------
